 Seeded DCSS version 0.29.1-12-g30fa7ad0bf (webtiles) character file.

Game seed: 8067774122993711936 (custom seed)

22453 kingsuperguy the Bludgeoner (level 12, -2/113 HPs)
             Began as a Minotaur Berserker on Dec 17, 2022.
             Was a High Priest of Trog.
             Slain by an ice devil (4 damage)
             ... summoned by an orc sorcerer
             ... on level 2 of the Abyss.
             The game lasted 00:26:47 (14119 turns).

kingsuperguy the Bludgeoner (Minotaur Berserker)   Turns: 14119, Time: 00:26:47

Health: -2/113     AC: 31    Str: 31    XL:     12   Next: 63%
Magic:  11/11      EV:  8    Int:  4    God:    Trog [*****.]
Gold:   562        SH:  0    Dex: 10    Spells: 11/11 levels left

rFire   + . .      SeeInvis .   X - +2 great mace
rCold   . . .      Faith    .   (shield currently unavailable)
rNeg    . . .      Spirit   .   A - +4 crystal plate armour
rPois   +          Reflect  .   (helmet restricted)
rElec   .          Harm     .   (no cloak)
rCorr   .          Rampage  .   (no gloves)
Will    .....                   r - +0 pair of boots
Stlth   ..........              (no amulet)
HPRegen 0.28/turn               k - +6 ring of strength
MPRegen 0.12/turn               y - ring of protection from fire

@: mighty, on berserk cooldown, hasted and slowed
A: horns 2, retaliatory headbutt, iridescent scales 1, dopey 1, poison
resistance, shaggy fur 1, [screaming 2]
a: Renounce Religion, Berserk, Trog's Hand, Brothers in Arms


You were on level 2 of the Abyss.
You worshipped Trog.
Trog was extremely pleased with you.
You visited 2 branches of the dungeon, and saw 13 of its levels.
You visited the Abyss 1 time.
You also visited: Ossuary.

You collected 654 gold pieces.
You spent 92 gold pieces at shops.

Inventory:

Hand Weapons
 a - a +0 mace
 D - a +0 dire flail of electrocution
 X - a +2 great mace (weapon)
Armour
 b - a +0 animal skin
 c - a +0 ring mail
 r - a +0 pair of boots (worn)
 u - the +0 leather armour "Vounum" {Rampage +Blink Int+3}
   (You found it on level 9 of the Dungeon)

   Int:       It affects your intelligence (+3).
   +Blink:    It lets you blink.
   Rampage:   It bestows one free step when moving towards enemies.
 A - a +4 crystal plate armour (worn)
 F - a +0 pair of gloves
 Q - a +0 scale mail of cold resistance
Jewellery
 g - a ring of resist corrosion
 j - an amulet of magic regeneration
 k - a +6 ring of strength (left hand)
 t - the amulet of Boguxt {RegenMP rC+ Str+2 Int-5}
   (You found it on level 4 of the Dungeon)

   [amulet of magic regeneration]

   It increases your rate of magic regeneration.
   Str:       It affects your strength (+2).
   Int:       It affects your intelligence (-5).
   rC:        It protects you from cold.
 y - a ring of protection from fire (right hand)
 U - a ring of willpower
Wands
 G - a wand of iceblast (7)
 K - a wand of paralysis (17)
 O - a wand of flame (12)
 R - a wand of quicksilver (7)
Scrolls
 h - 2 scrolls of blinking {unknown}
 x - 3 scrolls of teleportation
 z - a scroll of magic mapping
 L - a scroll of vulnerability {unknown}
 M - 2 scrolls of amnesia {unknown}
 P - 2 scrolls of identify
 S - a scroll of brand weapon
 T - a scroll of summoning {unknown}
 V - 2 scrolls of silence {unknown}
 Y - 2 scrolls of enchant armour
 Z - a scroll of torment {unknown}
Potions
 d - a potion of invisibility {unknown}
 e - 3 potions of mutation
 i - 2 potions of brilliance {unknown}
 m - a potion of might
 n - 3 potions of degeneration {unknown}
 p - 2 potions of cancellation
 v - 4 potions of curing {unknown}
 w - 3 potions of berserk rage
 B - 3 potions of magic {unknown}
 I - 2 potions of haste
 N - a potion of ambrosia {unknown}
 W - a potion of flight {unknown}


   Skills:
 + Level 12.9 Fighting
 + Level 16.7 Maces & Flails
 + Level 1.2 Throwing
 + Level 13.8 Armour
 + Level 5.5 Dodging
 + Level 1.0 Stealth


You had 11 spell levels left.
You didn't know any spells.
Your spell library was empty.

Dungeon Overview and Level Annotations

Branches:
Dungeon (10/15)            Temple (0/1) D:5            Lair (3/5) D:10
Ossuary (visited)
  Swamp: Lair:2-3    Shoals: Lair:2-3     Snake: Lair:2-3    Spider: Lair:2-3
    Orc: D:9-12

Altars:
Ashenzari
Dithmenos
Elyvilon
Fedhas
Gozag
Makhleb
Nemelex Xobeh
Qazlal
Ru
Sif Muna
Wu Jian
Yredelemnul
The Shining One
Lugonu

Shops:
D:1 [   D:2 (   D:3 !   D:4 :   D:7 =   D:9 *   D:10 (

Annotations:
D:7 1 transporter
D:9 1 runed translucent door, exclusion: obsidian statue, kingsuperguy's ghost, novice MiBe
D:10 1 transporter
Lair:1 1 runed translucent door, Radix's ghost, journeyman GrCA
Lair:2 Sonja


Innate Abilities, Weirdness & Mutations

You have a pair of horns on your head.
You reflexively headbutt those who attack you in melee.
You are partially covered in iridescent scales. (AC +2)
You are dopey. (Int -2)
Your system is resistant to poisons. (rPois)
You are covered in fur. (AC +1)
[You frequently scream uncontrollably at your foes.]


Message History

The raiju barks!
You hear a bark!
The thrashing horror barely misses you.
The thrashing horror tramples you but does no damage.
The wretched star pulses with an eldritch light!
You feel the urge to shout.
You feel a strong urge to scream. The raiju bites you but does no damage.
The orc sorcerer gestures wildly while chanting.
You scream at the raiju!
A raiju comes into view.
You hear a bark!
The orc sorcerer gestures at you while chanting.
The bolt of fire hits you. You resist.
* * * LOW HITPOINT WARNING * * *
The raiju bursts into living lightning!
The living lightning hits you but does no damage.
The raiju blinks!
The raiju bursts into living lightning!
The living lightning misses you.
The raiju blinks! x2
Okay, then.
As you read the scroll of fear, it crumbles to dust.
You assume a fearsome visage.
The thrashing horror is unaffected.
The orc sorcerer looks frightened!
The small abomination is unaffected.
The raiju looks frightened! x4
The ice devil resists with almost no effort.
The thrashing horror tramples you but does no damage.
The thrashing horror tramples you.
* * * LOW HITPOINT WARNING * * *
You hold your ground!
The thrashing horror tramples you but does no damage. x4
A raiju comes into view.
Okay, then.
It was a potion of berserk rage.
You're still recovering from your berserk rage.
The thrashing horror barely misses you.
The thrashing horror tramples you but does no damage. x2
The thrashing horror closely misses you.
The thrashing horror barely misses you.
The thrashing horror tramples you but does no damage.
A starcursed mass splits.
The ice devil hits you.
You die...

#h.#.. h.. #....h ยง.
... hh ..#
....##โ‰ˆ##... . .
#.....o..... #...
#......h..# #. ..##
#..X.h....#. # ..#.
#.X.4.....โ‰ˆ. #..
#.###.#@X.....#.
....##.##.##.x....โ‰ˆ.
#.......X.XX.X.......
.# ....#.X.*X ........
... ..#...X.
.#........ ..
#..............#.....
.. ...#......#.......
. ....#.......#######
. ...
.........#..>..#~8


You could see 3 starcursed masses, a thrashing horror, an ice devil (summoned),
5 raiju, an orc sorcerer (fleeing) and a small abomination.

Vanquished Creatures
  Harold (Lair:2)
  2 hydras
  A rakshasa (Abyss:2)
  5 death yaks
  A two-headed ogre (D:10)
  A wretched star (Abyss:2)
  6 cane toads
  A smoke demon (Abyss:2)
  A torpor snail (Lair:1)
  6 komodo dragons
  A troll (D:9)
  21 blink frogs (Lair:2)
  2 raiju (Abyss:2)
  3 wyverns
  2 wraiths (D:10)
  A basilisk (Lair:2)
  10 yaks
  3 fire bats (Abyss:2)
  3 vampire mosquitoes (D:10)
  A neqoxec (Abyss:2)
  A steam dragon (D:6)
  An acid dragon (D:10)
  Duvessa (D:5)
  4 water moccasins
  2 sky beasts
  4 orc warriors (D:6)
  2 black bears (D:6)
  2 centaurs
  3 wolves (Lair:1)
  A phantom (D:5)
  3 kobold brigands
  2 gnoll sergeants (D:9)
  2 necrophages
  3 bullfrogs
  2 scorpions (D:5)
  3 wights (D:8)
  Dowan (D:5)
  3 killer bees (D:7)
  3 centaur zombies (Ossuary)
  2 quasits (Abyss:2)
  A human zombie (Ossuary)
  3 hounds
  An iron imp (Abyss:2)
  3 gnoll boudas
  7 orc priests
  10 orc wizards
  5 iguanas
  A hell rat (D:10)
  2 mummies (Ossuary)
  13 gnolls
  6 adders
  A river rat (D:10)
  A shadow imp (D:5)
  3 white imps
  An ufetubus (Abyss:2)
  An adder zombie (Ossuary)
  3 dart slugs
  35 orcs
  2 bats
  8 endoplasms
  4 giant cockroaches
  6 hobgoblins
  4 jackals (D:2)
  A quokka (D:1)
  8 ball pythons
  6 frilled lizards
  8 goblins
  A goblin zombie (Ossuary)
  8 hobgoblin zombies (Ossuary)
  2 jackal zombies (Ossuary)
  20 kobolds
  11 kobold zombies (Ossuary)
  8 orc zombies (Ossuary)
  7 rats
  2 rat zombies (Ossuary)
320 creatures vanquished.

Vanquished Creatures (others)
  13 fungi
  19 plants
32 creatures vanquished.

Grand Total: 352 creatures vanquished

Notes
Turn   | Place    | Note
-------+----------+-------------------------------------------
     0 | D:1      | kingsuperguy the Minotaur Berserker began the quest for the
                  | Orb.
     0 | D:1      | Reached XP level 1. HP: 19/19 MP: 0/0
    74 | D:1      | Found Woicy's Armour Shop.
   225 | D:1      | Reached skill level 4 in Maces & Flails
   225 | D:1      | Reached XP level 2. HP: 27/27 MP: 1/1
   249 | D:1      | Found a faded altar of an unknown god.
  1144 | D:2      | Found Nuobymm's Weapon Emporium.
  1196 | D:2      | Reached XP level 3. HP: 20/32 MP: 2/2
  1213 | D:2      | Reached XP level 4. HP: 4/41 MP: 3/3
  1213 | D:2      | Reached ** piety under Trog
  1832 | D:2      | You fall into a shaft and drop 1 floor!
  2322 | D:2      | Noticed a necrophage
  2354 | D:2      | Killed a necrophage
  2355 | D:2      | Reached skill level 5 in Maces & Flails
  2355 | D:2      | Reached XP level 5. HP: 47/47 MP: 4/4
  2990 | D:3      | Found Corcheubo's Distillery.
  3000 | D:3      | Reached skill level 5 in Fighting
  3090 | D:3      | Found Nyuxt's Magic Scroll Emporium.
  3435 | D:4      | Reached skill level 6 in Maces & Flails
  3435 | D:4      | Reached XP level 6. HP: 56/56 MP: 5/5
  3454 | D:4      | Reached *** piety under Trog
  3524 | D:4      | Identified the amulet of Boguxt {RegenMP rC+ Str+2 Int-5}
  3751 | D:4      | Found a shimmering blue altar of Sif Muna.
  3751 | D:4      | Found an ornate altar of the Wu Jian Council.
  3894 | D:4      | Found Kofachub's Tremendous Tomes.
  3918 | D:5      | Entered Level 5 of the Dungeon
  4025 | D:5      | Noticed Duvessa
  4025 | D:5      | Noticed Dowan
  4033 | D:5      | Killed Dowan
  4034 | D:5      | Reached skill level 7 in Maces & Flails
  4034 | D:5      | Reached XP level 7. HP: 58/61 MP: 6/6
  4039 | D:5      | Killed Duvessa
  4040 | D:5      | Reached skill level 5 in Armour
  4512 | D:5      | Found a shadowy altar of Dithmenos.
  4533 | D:5      | Reached skill level 1 in Stealth
  4724 | D:5      | Reached skill level 8 in Maces & Flails
  4914 | D:5      | Reached XP level 8. HP: 67/70 MP: 7/7
  4963 | D:5      | Found a staircase to the Ecumenical Temple.
  5261 | D:6      | Reached **** piety under Trog
  5279 | D:6      | Reached skill level 9 in Maces & Flails
  5292 | D:6      | Reached skill level 5 in Dodging
  5614 | D:6      | Found a white marble altar of Elyvilon.
  5962 | D:6      | Reached skill level 10 in Maces & Flails
  5962 | D:6      | Reached XP level 9. HP: 34/79 MP: 8/8
  6793 | D:7      | Noticed an ancient zyme
  6801 | D:7      | Found Posuph's One-of-a-Kind Rings.
  6844 | D:7      | Found a transporter.
  6845 | D:7      | Noticed a purple ugly thing
  6845 | D:7      | Noticed a salamander
  6846 | D:7      | Found a corrupted altar of Lugonu.
  6846 | D:7      | Noticed a green ugly thing
  6846 | D:7      | Noticed a cyan ugly thing
  7583 | D:7      | Noticed a death drake
  7674 | D:8      | Gained mutation: Your flesh is cold resistant. (rC+)
                  | [potion of mutation]
  7674 | D:8      | Lost intelligence.
  7674 | D:8      | Gained mutation: Your muscles are strong. (Str +4, Int/Dex
                  | -1) [potion of mutation]
  7675 | D:8      | HP: 3/79 [poisoned by a kobold brigand (curare-tipped
                  | dart)]
  7677 | D:8      | Found a sand-covered staircase.
  7677 | D:8      | HP: 1/79 [asphyx]
  7682 | Ossuary  | Entered an ossuary
  8005 | Ossuary  | Reached ***** piety under Trog
  8048 | Ossuary  | Reached skill level 11 in Maces & Flails
  8590 | D:8      | Found a sparkling altar of Nemelex Xobeh.
  8657 | D:8      | Found a glowing golden altar of the Shining One.
  9089 | D:9      | Found Orerch Jyutaa's CLEARANCE SALE!.
  9101 | D:9      | Bought a scroll of identify for 16 gold pieces
  9101 | D:9      | Bought a scroll of brand weapon for 76 gold pieces
  9183 | D:9      | Found a faded altar of an unknown god.
  9183 | D:9      | Found a sacrificial altar of Ru.
  9190 | D:9      | Found a stormy altar of Qazlal.
  9192 | D:9      | Found an opulent altar of Gozag.
  9194 | D:9      | Found a blossoming altar of Fedhas.
  9221 | D:9      | Identified the +0 leather armour "Vounum" {Rampage +Blink
                  | Int+3}
  9224 | D:9      | Found a burning altar of Makhleb.
  9256 | D:9      | Found a basalt altar of Yredelemnul.
  9295 | D:9      | Identified the +9 dagger "Pockaces" {vorpal, rF++ Will-
                  | Int+4}
  9298 | D:9      | Found a broken altar of Ashenzari.
  9346 | D:9      | Noticed a troll
  9351 | D:9      | Killed a troll
  9352 | D:9      | Reached skill level 12 in Maces & Flails
  9352 | D:9      | Reached XP level 10. HP: 79/89 MP: 9/9
  9604 | D:9      | Found a runed translucent door.
  9604 | D:9      | Noticed kingsuperguy's ghost (novice MiBe)
  9606 | D:9      | Identified the +2 trident of Rap Gawn {protect, rC++ rN+++
                  | Str-5 Dex-4}
  9677 | D:9      | Noticed an obsidian statue
  9775 | D:9      | Found a white marble altar of Elyvilon.
 10108 | D:10     | Entered Level 10 of the Dungeon
 10241 | D:10     | Noticed an orc sorcerer
 10241 | D:10     | Noticed an orc sorcerer
 10241 | D:10     | Noticed an orc high priest
 10244 | D:10     | Found a transporter.
 10258 | D:10     | Noticed a death yak
 10258 | D:10     | Noticed a death yak
 10292 | D:10     | Noticed a death yak
 10293 | D:10     | Killed a death yak
 10305 | D:10     | Killed a death yak
 10306 | D:10     | Reached skill level 13 in Maces & Flails
 10311 | D:10     | Killed a death yak
 10312 | D:10     | Reached skill level 10 in Armour
 10741 | D:10     | Noticed a two-headed ogre
 10748 | D:10     | Killed a two-headed ogre
 10850 | D:10     | Found a staircase to the Lair.
 10983 | D:10     | Found Ziforaj's Weapon Emporium.
 11006 | Lair:1   | Entered Level 1 of the Lair of Beasts
 11007 | Lair:1   | Noticed a cane toad
 11007 | Lair:1   | Noticed a cane toad
 11013 | Lair:1   | Killed a cane toad
 11014 | Lair:1   | Reached skill level 10 in Fighting
 11018 | Lair:1   | Killed a cane toad
 11019 | Lair:1   | Reached skill level 14 in Maces & Flails
 11019 | Lair:1   | Reached XP level 11. HP: 58/99 MP: 10/10
 11268 | Lair:1   | Noticed a death yak
 11274 | Lair:1   | Noticed a death yak
 11278 | Lair:1   | Killed a death yak
 11290 | Lair:1   | Killed a death yak
 11728 | Lair:1   | Identified the -1 pair of boots "Famysecee" {Rampage Str+2}
 11788 | Lair:1   | Noticed a four-headed hydra
 11798 | Lair:1   | Received a gift from Trog
 11804 | Lair:1   | Killed a four-headed hydra
 11957 | Lair:1   | Found a runed translucent door.
 12113 | Lair:1   | Noticed Radix's ghost (journeyman GrCA)
 12158 | Lair:1   | Reached skill level 15 in Maces & Flails
 12790 | Lair:2   | Reached XP level 12. HP: 42/112 MP: 11/11
 13185 | Lair:2   | Noticed a five-headed hydra
 13196 | Lair:2   | Killed a five-headed hydra
 13398 | Lair:2   | Noticed Harold
 13405 | Lair:2   | Killed Harold
 13416 | Lair:2   | Reached skill level 16 in Maces & Flails
 13428 | Lair:2   | HP: 1/168 [komodo dragon (18)]
 13446 | Lair:2   | Lost mutation: Your muscles are strong. (Str +4, Int/Dex
                  | -1) [potion of mutation]
 13446 | Lair:2   | Lost mutation: Your flesh is cold resistant. (rC+) [potion
                  | of mutation]
 13446 | Lair:2   | Gained mutation: Your body sometimes deteriorates upon
                  | taking damage. [potion of mutation]
 13447 | Lair:2   | Lost mutation: Your body sometimes deteriorates upon taking
                  | damage. [potion of mutation]
 13447 | Lair:2   | Gained mutation: You are covered in fur. (AC +1) [potion of
                  | mutation]
 13447 | Lair:2   | Gained mutation: You are partially covered in iridescent
                  | scales. (AC +2) [potion of mutation]
 13447 | Lair:2   | Gained mutation: Your system is resistant to poisons.
                  | (rPois) [potion of mutation]
 13464 | Lair:2   | HP: 7/169 [blink frog (10)]
 13928 | Lair:3   | Noticed Sonja
 13942 | Abyss:2  | Cast into level 2 of the Abyss (Sonja)
 14088 | Abyss:2  | Noticed a rakshasa
 14096 | Abyss:2  | Gained mutation: You are dopey. (Int -2) [a neqoxec]
 14100 | Abyss:2  | Noticed a starcursed mass
 14101 | Abyss:2  | Reached skill level 1 in Throwing
 14110 | Abyss:2  | Killed a rakshasa
 14117 | Abyss:2  | HP: 3/113 [orc sorcerer/bolt of fire (5)]
 14119 | Abyss:2  | Slain by an ice devil

Illustrated notes

Levels and vault maps discovered:
D:1:      eino_arrival_tree_alley, layout_basic,
          hellmonk_ecumenical_altar_inner_sanctum, serial_shops,
          nicolae_shop_hallway_stairs
D:2:      layout_basic, serial_shops, nicolae_shop_bloodbath_and_beyond
D:3:      layout_rooms, serial_shops, nicolae_shop_crystal, shop_scrolls
D:4:      layout_cave_pools, gammafunk_temple_overflow_statue,
          nicolae_shop_i_like_big_books
D:5:      layout_gridville, nicolae_overflow_hidden_temple,
          minmay_temple_entry_enclosed_plants, corner_web_ring,
          minmay_checkerbox, uniq_duvessa
D:6:      layout_basic, minmay_ruined_shrine
D:7:      gammafunk_corrupted_shrine, layout_rooms, nicolae_shop_unique_rings
D:8:      layout_cave_pools, nemelex_spade_bored_becter,
          mainiacjoe_overflow_24_doors, nicolae_ossuary_entry_plus,
          minmay_misc_feat_square
D:9:      minmay_statue_hallways, layout_cave_pools, marbit_many_paths,
          mainiacjoe_overflow_small_starburst, lemuel_tele_altar,
          bloody_makhleb, chequers_temple_overflow_minitemple,
          ebering_ghost_funeral_grove, hangedman_glass_teeth,
          nicolae_shop_clearance
D:10:     gammafunk_wand_slinger, layout_irregular_city, dpeg_lair_monsters,
          serial_shops, kennysheep_mini, nicolae_diamond_shop
Lair:1:   layout_concentric_octagons, ebering_ghost_inner_flame
Lair:2:   layout_regular_city, dummy_spider_entry,
          chequers_serial_rivers_micro_d, uniq_harold
Lair:3:   layout_cave_pods, minmay_shoals_entry_hut, beast_lair_carwin_6,
          uniq_fannar, uniq_amaemon, uniq_sonja
Abyss:2:  base: D:10, spicy_abyss_unhelpful_harpoons, hangedman_decor_lopped,
          bh_silent_lugonu_exit

Skill      XL: |  1  2  3  4  5  6  7  8  9 10 11 12 |
---------------+-------------------------------------+-----
Maces & Flails | 4 5 6 7 8 10 12 14 15 16 | 16.7
Fighting       | 4 5 6 7 8 10 11 12 | 12.9
Armour         | 3 4 5 7 9 10 12 13 | 13.8
Dodging        | 3 4 5 |  5.5
Stealth        | 1 |  1.0
Throwing       | 1 |  1.2

Action                   |  1- 3 |  4- 6 |  7- 9 | 10-12 || total
-------------------------+-------+-------+-------+-------++-------
Melee: Mace              |    70 |   133 |   165 |       ||   368
       Headbutt          |     9 |    13 |    78 |    65 ||   165
       Punch             |       |     2 |     3 |       ||     5
       Dire flail        |       |       |   229 |   163 ||   392
       Great mace        |       |       |       |   179 ||   179
Throw: Dart              |       |       |       |     4 ||     4
       Javelin           |       |       |       |     4 ||     4
Invok: Berserk           |       |     1 |     3 |     5 ||     9
  Use: Scroll            |       |       |    11 |     1 ||    12
       Potion            |       |       |     6 |    11 ||    17
Armor: Ring mail         |    17 |    59 |    28 |       ||   104
       Crystal plate arm |       |       |   257 |   258 ||   515
       Skin              |       |       |       |    19 ||    19
Dodge: Dodged            |    36 |    78 |   158 |   141 ||   413
